 Dungeon Crawl Stone Soup version 0.30-a0-620-g0e44632947 (webtiles) character file.

Game seed: 4290746610648065570

21938 Conn the Arsonist (level 12, -3/72 HPs)
             Began as an Octopode Fire Elementalist on Jan 10, 2023.
             Was a Priest of Sif Muna.
             Succumbed to their own poison gas
             ... on level 1 of the Lair of Beasts.
             The game lasted 01:06:34 (16939 turns).

Conn the Arsonist (Octopode Fire Elementalist)     Turns: 16939, Time: 01:06:35

Health: -3/72      AC:  1    Str:  8    XL:     12   Next: 95%
Magic:  16/26      EV: 19    Int: 21    God:    Sif Muna [***...]
Gold:   2193       SH:  5    Dex: 13    Spells: 6/31 levels left

rFire   + . .      SeeInvis .    b - staff of fire
rCold   . . .      Faith    .    (no shield)
rNeg    . . .      Spirit   .    (helmet restricted)
rPois   .          Reflect  +    F - amulet of reflection
rElec   .          Harm     .    z - +5 ring of evasion
rCorr   .          Rampage  .    (no ring)
Will    .....                    (no ring)
Stlth   +++++                    (no ring)
HPRegen 0.32/turn                (no ring)
MPRegen 0.20/turn                (no ring)
                                 (no ring)
                                 (no ring)

@: lethally poisoned (-3 -> -16), sluggish, very slow
A: almost no armour, amphibious, 8 rings, camouflage 1, gelatinous body 1,
(nimble swimmer 1), tentacles
a: Renounce Religion, Channel Magic, Forget Spell


You were on level 1 of the Lair of Beasts.
You worshipped Sif Muna.
Sif Muna was most pleased with you.
You visited 4 branches of the dungeon, and saw 16 of its levels.

You collected 2193 gold pieces.

Inventory:

Hand Weapons
 a - the +8 trident "Huna" {protect, MP+9}
   (You found it on level 9 of the Dungeon)

   MP:        It affects your magic capacity (+9).
 j - a +0 longbow of freezing
 B - a +3 dagger of protection
Missiles
 m - a curare-tipped dart (quivered)
 E - a throwing net
Magical Staves
 b - a staff of fire (weapon)
Jewellery
 z - a +5 ring of evasion (left tentacle)
 C - an amulet of guardian spirit
 F - an amulet of reflection (around mantle)
Wands
 c - a wand of flame (17)
 u - a wand of charming (5)
 x - a wand of polymorph (9)
 A - a wand of mindburst (9)
Scrolls
 f - a scroll of brand weapon
 o - 7 scrolls of teleportation
 q - 2 scrolls of magic mapping
 t - a scroll of amnesia
 G - a scroll of poison
Potions
 d - 2 potions of mutation
 e - 2 potions of resistance
 g - a potion of degeneration {unknown}
 h - a potion of lignification
 i - 2 potions of curing
 k - 6 potions of magic
 l - 2 potions of flight
 n - a potion of brilliance
 r - 2 potions of might
 s - a potion of cancellation
 v - a potion of invisibility
 w - a potion of haste
 y - 4 potions of attraction
 H - a potion of berserk rage


   Skills:
 + Level 2.9 Fighting
 + Level 4.2 Short Blades
 + Level 0.1 Staves
 + Level 3.8 Dodging
 + Level 8.3 Stealth
 + Level 0.2 Shields
 + Level 10.0 Spellcasting
 + Level 6.8 Conjurations
 + Level 3.6 Hexes
 * Level 6.5 Summonings
 + Level 0.7 Translocations
 + Level 10.4 Fire Magic
 * Level 3.0 Ice Magic
 + Level 3.5 Air Magic
 * Level 7.2 Invocations


You had 6 spell levels left.
You knew the following spells:

 Your Spells              Type           Power      Damage    Failure   Level
a - Foxfire               Conj/Fire      100%       2x1d9     1%          1
b - Kindle Blastsparks    Fire/Tloc/Air  92%        2d17      2%          3
c - Inner Flame           Hex/Fire       56%        N/A       1%          3
d - Flame Wave            Conj/Fire      63%        2d15      1%          4
e - Scorch                Fire           100%       2d10      1%          2
f - Summon Small Mammal   Summ           100%       N/A       1%          1
g - Summon Guardian Gole  Hex/Summ       31%        N/A       2%          3
h - Swiftness             Air            25%        N/A       4%          3
i - Freezing Cloud        Conj/Ice/Air   14%        6-21      28%         5

Your spell library contained the following spells:

 Spells                   Type           Power      Damage    Failure   Level
 Ensorcelled Hibernation  Hex/Ice        48%        N/A       2%          2
 Apportation              Tloc           26%        N/A       4%          1
 Ignite Poison            Fire/Tmut/Pois 37%        N/A       4%          3
 Beastly Appendage        Tmut           20%        N/A       6%          1
 Necrotise                Necr           40%        1d6       6%          1
 Passwall                 Tmut/Erth      8%         N/A       10%         2
 Wereblood                Tmut           10%        N/A       10%         2
 Spider Form              Tmut/Pois      10%        N/A       19%         3
 Alistair's Intoxication  Tmut/Pois      6%         N/A       87%         5
 Orb of Destruction       Conj           19%        9d8       97%         7
 Spellforged Servitor     Conj/Summ      19%        N/A       98%         7


Dungeon Overview and Level Annotations

Branches:
Dungeon (13/15)            Temple (1/1) D:7            Lair (1/5) D:11
    Orc (1/2) D:11         Vaults (0/5) D:13

Altars:
Ashenzari
Cheibriados
Dithmenos
Fedhas
Gozag
Hepliaklqana
Kikubaaqudgha
Makhleb
Nemelex Xobeh
Okawaru
Qazlal
Ru
Sif Muna
Trog
Uskayaw
Vehumet
Wu Jian
Xom
Zin


Innate Abilities, Weirdness & Mutations

You cannot wear most types of armour.
You are amphibious.
You can wear up to eight rings at the same time.
Your skin changes colour to match your surroundings (Stealth+).
Your rubbery body absorbs attacks. (AC +1, EV +1)
((You are camouflaged when in or above water. (Stealth+)))
You have tentacles for arms and can constrict up to eight enemies at once.


Message History

Okay, then.
Unknown command.
Unknown command.
Unknown command.
Aiming: Charm
Press: ? - help, Shift-Dir - straight line, f - guardian golem
Aim: a guardian golem (summoned, slow, friendly, infinite will)
Okay, then.
Unknown command.
Unknown command.
Unknown command.
Unknown command.
Cast which spell? (? or * to list)
Okay, then.
Unknown command.
Unknown command.
Really wriggle into that cloud of poison gas?
You are engulfed in poison gas.
You are poisoned.
You feel sluggish.
You feel very sick.
The death yak looks more healthy.
The death yak completely misses you. The death yak attacks as you move away!
The death yak closely misses you.
You are engulfed in poison gas.
You are lethally poisoned!
* * * LOW HITPOINT WARNING * * *
x2 You feel extremely sick.
The death yak gores your spellforged servitor but does no damage.
The torpor snail is engulfed in poison gas.
The torpor snail looks as sick as possible!
Your spellforged servitor points at the death yak and mumbles some strange words.
The freezing blast engulfs the torpor snail!!
The torpor snail dies!
Sif Muna accepts your kill.
Your Ice Magic skill increases to level 3!
You feel better.
You are engulfed in poison gas.
You are lethally poisoned!
* * * LOW HITPOINT WARNING * * *
You feel yourself speed up.
You die...

#. #... .# #... .#.
#°.. .........
####☼§. ....#....
..°☼☼§°######☼°.#....
....○§.○..○○☼.°....#
..°○○○..°○§§..○....#
..☼§.°§@9☼Y..°○....#
.....§§.☼.9○○§....$#
.##..○○○§§○○°☼°....#
#°○°☼☼§○°..°.....#
#☼.°○°§§§°§..§....##
##☼○P#######.......#
#.○# #.§.....# P..
#<......# #.......#


You could see a death yak (ally target), a friendly spellforged servitor
(summoned, sheltered, slow) and a friendly guardian golem (summoned, slow).

Vanquished Creatures
  Harold (D:10)
  A vault guard (D:13)
  A hydra (D:11)
  The ghost of semem the Nimble, a journeyman TeMo of the Shining One (D:11)
  3 centaur warriors (D:13)
  A two-headed ogre (D:8)
  3 boulder beetles
  Pikel (D:6)
  A cyclops (D:11)
  3 manticores
  Maggie (D:6)
  3 gargoyles
  A komodo dragon (D:11)
  An unseen horror (D:11)
  Psyche (D:11)
  3 kobold demonologists (D:12)
  3 trolls
  A hornet (D:5)
  Prince Ribbit (D:7)
  The ghost of semem the Insei, an amateur OpTm (D:4)
  A wraith (D:9)
  A vampire (D:10)
  12 yaks
  A basilisk (D:13)
  2 vampire mosquitoes (D:10)
  An acid dragon (D:12)
  2 water moccasins
  3 black bears
  4 orc warriors
  2 sky beasts
  An ice beast (D:8)
  An ogre (Orc:1)
  7 centaurs
  A lemure (D:6)
  3 kobold brigands
  A phantom (D:4)
  Blork the orc (D:4)
  3 bullfrogs
  3 necrophages
  A gnoll sergeant (D:10)
  A scorpion (D:6)
  A water moccasin zombie (D:4)
  A water moccasin skeleton (D:4)
  13 killer bees
  5 howler monkeys
  19 orc priests
  3 jellies
  3 hounds
  2 iguanas
  3 scorpion zombies (D:4)
  19 orc wizards
  A hound zombie (D:4)
  A hound skeleton (D:4)
  5 adders
  12 gnolls
  A white imp (D:5)
  An ufetubus (D:4)
  An adder zombie (D:4)
  A worm (D:3)
  4 dart slugs
  70 orcs
  9 endoplasms
  4 giant cockroaches
  11 goblins
  12 hobgoblins
  4 jackals (D:1)
  17 kobolds
  3 quokkas
  8 ball pythons
  4 bats
  5 frilled lizards
  A quokka zombie (D:4)
  9 rats
337 creatures vanquished.

Vanquished Creatures (collateral kills)
  An ugly thing (D:13)
  A torpor snail (Lair:1)
2 creatures vanquished.

Vanquished Creatures (others)
  A two-headed ogre (D:9)
  6 slime creatures (D:13)
  858 foxfires
  22 plants (D:11)
  A withered plant (D:4)
888 creatures vanquished.

Grand Total: 1227 creatures vanquished

Notes
Turn   | Place    | Note
-------+----------+-------------------------------------------
     0 | D:1      | Conn the Octopode Fire Elementalist began the quest for the
                  | Orb.
     0 | D:1      | Reached XP level 1. HP: 11/11 MP: 3/3
    14 | D:1      | Noticed a tengu
    14 | D:1      | Noticed a felid
    16 | D:1      | Noticed a human
    16 | D:1      | Noticed a draconian
    18 | D:1      | Noticed a gargoyle
    18 | D:1      | Noticed an armataur
    20 | D:1      | Noticed a spriggan
    20 | D:1      | Noticed an octopode
    22 | D:1      | Noticed an ogre
    22 | D:1      | Noticed a vine stalker
    24 | D:1      | Noticed a merfolk
    24 | D:1      | Noticed an elf
    26 | D:1      | Noticed a formicid
    28 | D:1      | Noticed a ghoul
    28 | D:1      | Noticed a vampire
    30 | D:1      | Noticed a troll
    32 | D:1      | Noticed a minotaur
    32 | D:1      | Noticed a demonspawn
    34 | D:1      | Noticed a naga
    34 | D:1      | Noticed a demigod
    36 | D:1      | Noticed an elf
    38 | D:1      | Noticed a formicid
    49 | D:1      | Found a faded altar of an unknown god.
   102 | D:1      | Reached XP level 2. HP: 17/17 MP: 0/5
   626 | D:1      | Reached XP level 3. HP: 21/21 MP: 4/6
   632 | D:1      | Learned a level 2 spell: Scorch
   636 | D:1      | Learned a level 3 spell: Kindle Blastsparks
  1635 | D:2      | Reached XP level 4. HP: 19/27 MP: 7/7
  2209 | D:3      | Found a snail-covered altar of Cheibriados.
  2209 | D:3      | Found an iron altar of Okawaru.
  2364 | D:3      | Found an ancient bone altar of Kikubaaqudgha.
  2742 | D:3      | Reached XP level 5. HP: 27/32 MP: 1/8
  2963 | D:3      | Reached skill level 1 in Short Blades
  3271 | D:3      | Learned a level 3 spell: Inner Flame
  3334 | D:4      | Noticed a phantom
  3344 | D:4      | Reached skill level 1 in Fighting
  3344 | D:4      | Reached XP level 6. HP: 38/38 MP: 2/10
  3354 | D:4      | Noticed a black bear
  3358 | D:4      | Reached skill level 5 in Stealth
  3500 | D:3      | Killed a black bear
  3501 | D:3      | Reached XP level 7. HP: 43/43 MP: 4/11
  3567 | D:4      | Reached skill level 5 in Fire Magic
  3583 | D:4      | Noticed Blork the orc
  3678 | D:3      | Learned a level 4 spell: Flame Wave
  3682 | D:4      | Killed Blork the orc
  3683 | D:4      | Reached skill level 1 in Hexes
  4086 | D:4      | Reached XP level 8. HP: 50/50 MP: 6/14
  4356 | D:4      | Found a runed translucent door.
  4463 | D:4      | Learned a level 1 spell: Summon Small Mammal
  4659 | D:4      | Noticed semem's ghost (amateur OpTm)
  4669 | D:4      | Killed semem's ghost
  4743 | D:5      | Entered Level 5 of the Dungeon
  4817 | D:5      | Reached skill level 5 in Spellcasting
  4935 | D:5      | Noticed a hornet
  4944 | D:5      | Killed a hornet
  5441 | D:5      | Reached XP level 9. HP: 55/55 MP: 17/17
  6135 | D:6      | Noticed Pikel
  6141 | D:6      | Killed Pikel
  6216 | D:6      | Noticed Maggie
  6225 | D:6      | Killed Maggie
  6798 | D:7      | Noticed Prince Ribbit
  6805 | D:7      | Killed Prince Ribbit
  7159 | D:7      | Found a staircase to the Ecumenical Temple.
  7166 | Temple   | Entered the Ecumenical Temple
  7272 | Temple   | Became a worshipper of Sif Muna the Loreminder
  7308 | D:7      | Reached XP level 10. HP: 62/62 MP: 15/20
  7624 | D:7      | Reached skill level 5 in Conjurations
  7741 | D:7      | Learned a level 3 spell: Summon Guardian Golem
  7745 | D:7      | Learned a level 3 spell: Swiftness
  8094 | D:8      | Reached * piety under Sif Muna
  8239 | D:8      | Noticed a two-headed ogre
  8246 | D:8      | Killed a two-headed ogre
  8247 | D:8      | Reached skill level 1 in Summonings
  8247 | D:8      | Reached skill level 1 in Invocations
  8483 | D:8      | Found a glowing silver altar of Zin.
  8483 | D:8      | Found an opulent altar of Gozag.
  9034 | D:8      | Reached ** piety under Sif Muna
  9970 | D:9      | Noticed a two-headed ogre
  9994 | D:9      | Killed a two-headed ogre
 10237 | D:9      | Reached XP level 11. HP: 64/66 MP: 23/23
 10245 | D:9      | Identified the +8 trident "Huna" {protect, MP+9}
 10407 | D:10     | Entered Level 10 of the Dungeon
 10407 | D:10     | Noticed Harold
 10944 | D:10     | Reached *** piety under Sif Muna
 10947 | D:10     | Killed Harold
 10948 | D:10     | Reached skill level 1 in Air Magic
 11550 | D:11     | Found a staircase to the Orcish Mines.
 11772 | D:11     | Noticed a manticore
 11778 | D:11     | Killed a manticore
 11779 | D:11     | Reached skill level 5 in Invocations
 12000 | D:11     | Noticed a boulder beetle
 12043 | D:11     | Killed a boulder beetle
 12072 | D:11     | Noticed Psyche
 12279 | D:11     | Killed Psyche
 12498 | D:11     | Reached **** piety under Sif Muna
 12514 | D:11     | Noticed a boulder beetle
 12532 | D:11     | Identified a scroll of acquirement
 12532 | D:11     | Acquired 781 gold pieces
 12764 | D:12     | Reached skill level 5 in Summonings
 12783 | D:12     | Noticed a manticore
 12936 | D:13     | Noticed a boulder beetle
 12936 | D:13     | Noticed a manticore
 13320 | D:12     | Killed a manticore
 13323 | D:12     | Reached XP level 12. HP: 58/72 MP: 9/24
 13519 | D:13     | Noticed a centaur warrior
 13522 | D:13     | Killed a centaur warrior
 13539 | D:13     | Learned a level 5 spell: Freezing Cloud
 13887 | D:13     | Killed a boulder beetle
 13888 | D:13     | Reached skill level 1 in Ice Magic
 14066 | D:13     | Found a burning altar of Makhleb.
 14082 | D:13     | Noticed a vault guard
 14095 | D:13     | Reached skill level 10 in Fire Magic
 14258 | D:11     | Killed a boulder beetle
 14488 | D:11     | Found a runed translucent door.
 14494 | D:11     | Noticed semem's ghost (journeyman TeMo)
 14528 | D:11     | Noticed a four-headed hydra
 14569 | D:11     | Killed a four-headed hydra
 14779 | D:11     | Found a staircase to the Lair.
 14899 | D:11     | Killed semem's ghost
 15103 | Orc:1    | Entered Level 1 of the Orcish Mines
 15395 | Lair:1   | Entered Level 1 of the Lair of Beasts
 15403 | Lair:1   | Noticed a death yak
 15584 | D:13     | Noticed a centaur warrior
 15585 | D:13     | Noticed a centaur warrior
 15793 | D:13     | Killed a centaur warrior
 16143 | D:13     | Killed a vault guard
 16654 | D:13     | Killed a centaur warrior
 16655 | D:13     | Reached skill level 10 in Spellcasting
 16775 | D:13     | Found a gate to the Vaults.
 16938 | Lair:1   | HP: 3/72 [poisoned by you (poison gas)]
 16939 | Lair:1   | Succumbed to their own poison gas

Illustrated notes

Levels and vault maps discovered:
D:1:      kb_arrival_jail, layout_loops_ring,
          ebering_ecumenical_altar_sacrificial
D:2:      layout_loops_corners
D:3:      minmay_bubble_buster, layout_basic, kiku_gazebo_pond_becter,
          nicolae_overflow_two_pavilions, minmay_misc_feat_tiny
D:4:      layout_rooms, serial_undead, serial_undead_d, serial_undead_b,
          serial_undead_f, serial_undead_a, ebering_ghost_reflecting_pool,
          uniq_blork_the_orc
D:5:      layout_basic, serial_rivers, chequers_serial_rivers_micro_e,
          chequers_serial_rivers_micro_d, chequers_serial_rivers_marsh,
          chequers_serial_rivers_large_b, chequers_serial_rivers_micro_b
D:6:      layout_loops_ring, uniq_pikel, uniq_maggie
D:7:      layout_basic, minmay_temple_entry_offerings, uniq_prince_ribbit1
D:8:      minmay_goldmine, layout_cave_pools,
          grunt_temple_overflow_gold_and_silver, minmay_misc_feat_ornament
D:9:      nicolae_cairo_tiling_large, layout_loops_cross, minmay_crystal_room,
          statue_in_the_mist_lemuel, serial_bayou_crossing
D:10:     layout_rooms, serial_aquarium, aquarium_bridge_straight
          [aquarium_subvault_bridge, aquarium_subvault_balcony,
          aquarium_subvault_bridge, aquarium_subvault_wall],
          aquarium_bridge_island_small [aquarium_subvault_small_open,
          aquarium_subvault_bridge, aquarium_subvault_balcony,
          aquarium_subvault_window, aquarium_subvault_bridge],
          aquarium_window_2, aquarium_window_1, aquarium_view_2d,
          aquarium_view_2b, aquarium_pool_S, nrook_uturn, uniq_harold
D:11:     layout_small_grid, david_lair_shrubbed, hiddenorc2_lemuel,
          ebering_ghost_reflecting_pool, grunt_ministairs_9,
          kennysheep_another_room, uniq_psyche
D:12:     layout_rooms
D:13:     layout_rooms, david_vaults_5, bloody_makhleb
Temple:   bh_familiar_temple
Lair:1:   gammafunk_cloud_chamber, layout_chaotic_city
Orc:1:    layout_diamond_mine, uniq_snorg, uniq_maurice

Skill      XL: |  1  2  3  4  5  6  7  8  9 10 11 12 |
---------------+-------------------------------------+-----
Stealth        | 3 4 5 7 8 |  8.3
Fire Magic     | 4 5 6 8 9 10 | 10.4
Short Blades   | 1 2 3 4 |  4.2
Fighting       | 1 2 |  2.9
Conjurations   | 2 3 4 5 6 |  6.8
Spellcasting   | 3 4 5 6 8 10 | 10.0
Hexes          | 1 2 3 |  3.6
Dodging        | 3 |  3.8
Summonings     | 3 5 6 |  6.5
Invocations    | 3 5 7 |  7.2
Air Magic      | 3 |  3.5
Ice Magic      | 3 |  3.0
Staves         | |  0.1
Shields        | |  0.2
Translocations | |  0.7

Action                   |  1- 3 |  4- 6 |  7- 9 | 10-12 || total
-------------------------+-------+-------+-------+-------++-------
Melee: Unarmed           |     8 |       |       |       ||     8
       Tentacles         |     7 |    12 |    11 |    17 ||    47
       Constrict         |     6 |    13 |    12 |    12 ||    43
       Dagger            |    17 |    52 |    38 |    21 ||   128
       Punch             |       |     4 |       |     1 ||     5
       Staff             |       |       |       |    35 ||    35
       Trident           |       |       |       |     4 ||     4
Throw: Dart              |       |       |       |     1 ||     1
 Cast: Foxfire           |    55 |    51 |   122 |   278 ||   506
       Scorch            |       |     4 |    24 |    87 ||   115
       Inner Flame       |       |     1 |     5 |    33 ||    39
       Flame Wave        |       |       |     5 |    30 ||    35
       Kindle Blastspark |       |       |     1 |     2 ||     3
       Summon Guardian G |       |       |       |    26 ||    26
       Summon Small Mamm |       |       |       |     5 ||     5
       Swiftness         |       |       |       |     3 ||     3
       Spellforged Servi |       |       |       |     2 ||     2
Invok: Channel Magic     |       |       |       |     1 ||     1
       Divine Exegesis   |       |       |       |     2 ||     2
  Use: Potion            |       |     1 |       |    11 ||    12
       Scroll            |       |     2 |    15 |    17 ||    34
 Stab: Sleeping          |     6 |     7 |    10 |     7 ||    30
       Distracted        |       |       |       |     1 ||     1
Armor: Skin              |       |     2 |     2 |    37 ||    41
Dodge: Dodged            |    14 |    34 |    37 |   120 ||   205
Block: Other             |       |       |       |    19 ||    19
       Reflection        |       |       |       |     3 ||     3

Table legend: (Time is in decaauts)
 A = Elapsed time spent in this place.
 B = Non-inter-level travel time spent in this place.
 C = Inter-level travel time spent in this place.
 D = Time resting spent in this place.
 E = Time spent auto-exploring this place.
 F = Levels seen in this place.
 G = Mean time per level.
                   A        B        C        D        E       F      G
               +--------+--------+--------+--------+--------+-----+--------+
         Total |  16969 |  16400 |    569 |   2491 |  10467 |  16 | 1060.6 |
       Dungeon |  16733 |  16192 |    541 |   2489 |  10363 |  13 | 1287.2 |
        Temple |    133 |    106 |     27 |      0 |     98 |   1 |  133.0 |
          Lair |     40 |     40 |      0 |      0 |      1 |   1 |   40.0 |
  Orcish Mines |     62 |     62 |      0 |      2 |      5 |   1 |   62.0 |
               +--------+--------+--------+--------+--------+-----+--------+

Top non-repeatable levels by time:
    D:11: 2257 daAuts
    D:13: 1727 daAuts
     D:3: 1626 daAuts
    D:12: 1367 daAuts
     D:7: 1359 daAuts
     D:9: 1187 daAuts
     D:1: 1167 daAuts
     D:5: 1135 daAuts
    D:10: 1047 daAuts
     D:2: 1035 daAuts
     D:8: 990 daAuts
     D:6: 919 daAuts
     D:4: 911 daAuts
  Temple: 133 daAuts
   Orc:1: 62 daAuts
